 Dungeon Crawl Stone Soup version 0.25-a0-578-gc91f01c39c (webtiles) character file.

Game seed: 13206630506228366251, levelgen mode: deterministic

42 Kohma the Sneak (level 3, 0/16 HPs)
             Began as a Vine Stalker Enchanter on Mar 6, 2020.
             Succumbed to an adder's poison
             ... on level 1 of the Dungeon.
             The game lasted 00:04:58 (1738 turns).

Kohma the Sneak (Vine Stalker Enchanter)            Turns: 1738, Time: 00:04:58

Health: 0/16       AC:  2    Str: 10    XL:     3   Next: 56%
Magic:  5/8        EV: 12    Int: 16    God:
Gold:   12         SH:  0    Dex: 14    Spells: 1/7 levels left

rFire    . . .     SeeInvis .   a - +1 dagger
rCold    . . .     Gourm    .   (no shield)
rNeg     . . .     Faith    .   b - +0 robe
rPois    .         Spirit   +   (no helmet)
rElec    .         Reflect  .   (no cloak)
rCorr    .         Harm     .   (no gloves)
MR       .....                  (no boots)
Stlth    +.........             (no amulet)
HPRegen  0.05/turn              (no ring)
MPRegen  0.11/turn              (no ring)

@: confused, lethally poisoned (0 -> -5), stab, very slightly contaminated
A: fangs 2, magic shield, antimagic bite, no potion heal 3, rot immunity
a: no special abilities


You were on level 1 of the Dungeon.
You were very hungry.

You visited 1 branch of the dungeon, and saw 2 of its levels.

You collected 12 gold pieces.

Inventory:

Hand Weapons
 a - a +1 dagger (weapon)
Missiles
 e - 77 stones (quivered)
 h - 22 poisoned darts
 i - 4 javelins
Armour
 b - a +0 robe (worn)
Scrolls
 j - 2 scrolls of remove curse {unknown}
 k - 2 scrolls of identify {unknown}
 m - a scroll of fog {unknown}
Potions
 f - a potion of heal wounds
Comestibles
 d - a ration


   Skills:
 + Level 1.4 Short Blades
 - Level 1.5 Dodging
 - Level 4.0 Stealth
 + Level 2.6 Spellcasting
 * Level 3.6 Hexes
 + Level 0.0 Ice Magic


You had one spell level left.
You knew the following spells:

 Your Spells              Type           Power        Failure   Level  Hunger
a - Corona                Hex            ##.....      4%          1    #......
b - Ensorcelled Hibernat  Hex/Ice        #.....       14%         2    ##.....
c - Confusing Touch       Hex            ##......     13%         3    ###....

Your spell library contained the following spells:

 Spells                   Type           Power        Failure   Level  Hunger
 Tukima's Dance           Hex            ##......     13%         3    ###....
 Dazzling Flash           Conj/Hex       #.....       26%         3    ###....


Dungeon Overview and Level Annotations

Branches:
Dungeon (2/15)

Altars:


Innate Abilities, Weirdness & Mutations

You have extremely sharp teeth.
When hurt, damage is shared between your health and your magic reserves.
Your bite disrupts and absorbs the magic of your enemies.
Potions cannot restore your health.
You are immune to rotting.


Message History

You feel sick. The bat closely misses you. x2
The bat hits you but does no damage.
There is a stone staircase leading up here.
The bat barely misses you. The leopard gecko misses you.
You climb upwards.
You feel sick.
There is a stone staircase leading down here.
It was a potion of heal wounds.
That seemed strangely inert.
The leopard gecko bites you.
* * * LOW HITPOINT WARNING * * *
It was a potion of stabbing.
You feel ready to backstab.
The leopard gecko bites you but does no damage.
The leopard gecko closely misses you.
It was a potion of ambrosia.
You are confused.
Your system rejects the healing.
You feel invigorated. The leopard gecko bites you.
* * * LOW HITPOINT WARNING * * *
You bump into the rock wall.
You die...

.........#.........##...'........
##.......'.........##...#........
##......##.........##...#........
'...#..............##...#........
#####.##....##......#...#........
.## #.#..#.....#....#...+........
..###.##.....#.#........#........
#..##.##.....###l##...###........
##..#...........@##...#....#.....
.##.#.#.#....#...................
'.'.#.#.#####....######......####
#.#.#.......+..^.#....#......####
#.#.###.#...#........)#.##.......
#.#..#...................#.......
#≈#..##.#................#.......
#.#..###........####+#...........
#.#....+....#....................


You could see a leopard gecko.

Vanquished Creatures
  2 dart slugs (D:1)
  3 leopard geckos
  2 bats (D:1)
  2 giant cockroaches (D:1)
  3 goblins (D:1)
  3 hobgoblins (D:1)
  2 jackals (D:1)
  A quokka (D:2)
  6 frilled lizards (D:1)
  6 kobolds (D:1)
  5 rats (D:1)
35 creatures vanquished.

Notes
Turn   | Place    | Note
-------+----------+-------------------------------------------
     0 | D:1      | Kohma the Vine Stalker Enchanter began the quest for the
                  | Orb.
     0 | D:1      | Reached XP level 1. HP: 9/9 MP: 4/4
   133 | D:1      | Reached skill level 1 in Short Blades
   349 | D:1      | Reached XP level 2. HP: 13/13 MP: 6/6
   353 | D:1      | Learned a level 2 spell: Ensorcelled Hibernation
   433 | D:1      | Reached skill level 4 in Stealth
   892 | D:1      | Reached XP level 3. HP: 16/16 MP: 4/7
  1165 | D:1      | Learned a level 3 spell: Confusing Touch
  1738 | D:1      | Succumbed to an adder's poison

Levels and vault maps discovered:
D:1:      evilmike_arrival_rings, layout_basic,
          wander_ebering_terrifying_dragon_lair
D:2:      layout_basic, lemuel_blue_sif_altar

Skill      XL: |  1  2 |
---------------+-------+-----
Short Blades   | 1 |  1.4
Stealth        | 4 |  4.0
Dodging        | |  1.5
Spellcasting   | |  2.6
Hexes          | |  3.6

Action                   || total
-------------------------++-------
Melee: Dagger            ||    79
       Bite              ||     9
 Cast: Corona            ||     7
       Ensorcelled Hiber ||    21
  Use: Potion            ||     3
 Stab: Sleeping          ||    18
       Distracted        ||     1
  Eat: Chunk             ||     3
Armor: Robe              ||    19
Dodge: Dodged            ||    76

Table legend:
 A = Non-vault XP
 B = Vault XP
 C = Vault XP percentage of total XP
 D = Non-vault monster count
 E = Vault monster count
 F = Vault count percentage of total count
                 A         B        C        D         E       F
            +---------+---------+-------+---------+---------+-------
      Total |      60 |       1 |   1.6 |      34 |       1 |   2.9
            +---------+---------+-------+---------+---------+-------
        D:1 |      55 |       1 |   1.8 |      32 |       1 |   3.0
        D:2 |       5 |       0 |   0.0 |       2 |       0 |   0.0
            +---------+---------+-------+---------+---------+-------
